 Dungeon Crawl Stone Soup version 0.20.1-1-g8b1a95d (console) character file.

211 bli the Shield-Bearer (level 5, -1/42 HPs)
             Began as a Barachi Fighter on July 29, 2017.
             Was an Initiate of Ru.
             Slain by a sky beast (6 damage)
             ... on level 3 of the Dungeon.
             The game lasted 00:07:44 (2059 turns).

bli the Shield-Bearer (Barachi Fighter)             Turns: 2059, Time: 00:07:45

Health: -1/42      AC:  7    Str: 18    XL:     5   Next: 88%
Magic:  5/5        EV:  8    Int:  8    God:    Ru [......]
Gold:   140        SH:  9    Dex: 12    Spells: 4/4 levels left

rFire    x . .     SeeInvis .   a - +0 long sword
rCold    + . .     Gourm    .   c - +0 shield
rNeg     . . .     Faith    .   b - +0 scale mail
rPois    .         Spirit   .   (no helmet)
rElec    .         Reflect  .   (no cloak)
rCorr    .         Harm     .   (no gloves)
MR       .....                  (no boots)
Stlth    ..........             (no amulet)
Regen    0.2/turn               y - ring of ice
MPRegen  0.1/turn               (no ring)

@: slow
A: +LOS, swims, slowness 1, strong legs 1
a: Hop, Renounce Religion


You were on level 3 of the Dungeon.
You worshipped Ru.
Ru was noncommittal.
You were not hungry.

You visited 1 branch of the dungeon, and saw 3 of its levels.

You collected 140 gold pieces.

Inventory:

Hand Weapons
 a - a +0 long sword (weapon)
Missiles
 s - 67 stones (quivered)
Armour
 b - a +0 scale mail (worn)
 c - a +0 shield (worn)
 q - a +0 chain mail
Jewellery
 y - a ring of ice (left hand)
Wands
 r - a wand of lightning (4/15)
Scrolls
 g - a scroll of immolation {unknown}
 h - 3 scrolls of identify {unknown}
 j - 4 scrolls of fog {unknown}
 m - a scroll of enchant armour {unknown}
 n - a scroll of teleportation {unknown}
 p - a scroll of magic mapping {unknown}
 u - a scroll of recharging {unknown}
 x - 3 scrolls of remove curse {unknown}
 E - 2 scrolls of amnesia {unknown}
Potions
 d - a potion of might
 e - a potion of lignification {unknown}
 i - 2 potions of heal wounds {unknown}
 l - a potion of mutation {unknown}
 t - 2 potions of cancellation {unknown}
 v - a potion of haste {unknown}
 w - a potion of berserk rage {unknown}
 z - a potion of brilliance {unknown}
 A - a potion of agility {unknown}
 C - a potion of invisibility {unknown}
 F - 2 potions of degeneration {unknown}
Comestibles
 f - 2 bread rations
 k - 3 fruits
 o - a meat ration
 B - a chunk of flesh
 D - a royal jelly


   Skills:
 + Level 4.3 Fighting
 * Level 4.3 Long Blades
 + Level 4.3 Armour
 + Level 1.0 Dodging
 + Level 5.0 Shields


You had 4 spell levels left.
You didn't know any spells.

Dungeon Overview and Level Annotations

Branches:
Dungeon (3/15)

Altars:
Makhleb
Ru


Innate Abilities, Weirdness & Mutations

Shadows flee at your approach. (+LOS)
You can swim through water.
You cover ground slowly.
You can hop short distances.


Message History

You slash the adder!
You kill the adder!
The rat bites you.
You closely miss the sky beast. You block the rat's attack.
The sky beast flickers out of sight!
Deactivating autopickup; reactivate with Ctrl-A.
Something hits you but does no damage.
You closely miss something. You block the rat's attack.
Something hits you but does no damage. You block the rat's attack.
Something hits you but does no damage.
You closely miss something. The rat completely misses you.
You riposte.
You closely miss the rat. Something hits you. Something shocks you.
You miss something. The rat barely misses you.
You riposte.
You barely miss the rat. Something hits you but does no damage.
You miss something. The rat bites you but does no damage. Something hits you.
Something shocks you. Something hits you. Something shocks you.
The rat bites you but does no damage.
You miss something. The rat closely misses you. Something hits you.
Something shocks you.
* * * LOW HITPOINT WARNING * * *
You miss something. Something hits you.
* * * LOW HITPOINT WARNING * * *
Something shocks you.
You die...

# ###.###.########...#
#.# #
#..........###.#.# #.#
#
#####.####.##..#.###.#
# ###..# #........##.#
# #...## ###..##.....#
#<### #..##.[##.# ##.#
##.(# ..# #..# #..#
#.# #### ##(.## .#
#(...# . #@##..#
.......{r# #..#
.......... ....
....).###.. ......
...... ... ..... #####
.... .... ##### ##.


You could see a rat.

Vanquished Creatures
  A hound (D:2)
  An orc priest (D:2)
  An orc wizard (D:2)
  4 gnolls (D:3)
  2 adders (D:3)
  A worm (D:3)
  3 dart slugs
  4 orcs
  7 bats
  3 giant cockroaches
  4 goblins
  7 hobgoblins
  2 jackals (D:1)
  3 quokkas
  A ball python (D:3)
  5 frilled lizards
  6 kobolds
  4 rats
59 creatures vanquished.

Notes
Turn   | Place    | Note
-------+----------+-------------------------------------------
     0 | D:1      | bli the Barachi Fighter began the quest for the Orb.
     0 | D:1      | Reached XP level 1. HP: 18/18 MP: 1/1
   128 | D:1      | Reached XP level 2. HP: 25/25 MP: 2/2
   639 | D:1      | Reached XP level 3. HP: 25/30 MP: 3/3
  1041 | D:2      | Found a sacrificial altar of Ru.
  1102 | D:2      | Became a worshipper of Ru the Awakened
  1149 | D:2      | Found a burning altar of Makhleb.
  1166 | D:2      | Reached skill level 4 in Shields
  1166 | D:2      | Reached XP level 4. HP: 16/37 MP: 4/4
  1539 | D:2      | Reached skill level 1 in Dodging
  1539 | D:2      | Reached XP level 5. HP: 27/42 MP: 5/5
  1798 | D:3      | Reached skill level 5 in Shields
  2043 | D:3      | Noticed a sky beast
  2059 | D:3      | Slain by a sky beast

Skill      XL: |  1  2  3  4  5 |
---------------+----------------+-----
Long Blades    | 3 4 |  4.3
Armour         | 4 |  4.3
Shields        | 4 5 |  5.0
Fighting       | 4 |  4.3
Dodging        | 1 |  1.0

Action                   |  1- 3 |  4- 6 || total
-------------------------+-------+-------++-------
Melee: Long sword        |   105 |   128 ||   233
  Eat: Chunk             |     2 |     3 ||     5
Armor: Scale mail        |    57 |    50 ||   107
Dodge: Dodged            |    42 |    45 ||    87
Block: Shield            |    68 |    73 ||   141
       Rpst.: Long sword |    11 |    16 ||    27
